 Dungeon Crawl Stone Soup version 0.21.0-37-g46506fa (webtiles) character file.

932 tidbits the Digger (level 8, 57/57 HPs)
             Began as a Gnoll Earth Elementalist on Feb 1, 2018.
             Was an Initiate of Cheibriados.
             Quit the game on level 8 of the Dungeon.
             The game lasted 00:17:43 (1225 turns).

tidbits the Digger (Gnoll Earth Elementalist)       Turns: 1225, Time: 00:17:43

Health: 57/57      AC:  3    Str:  9    XL:     8   Next: 11%
Magic:  16/16      EV: 15    Int: 22    God:    Cheibriados [......]
Gold:   99         SH:  0    Dex: 16    Spells: 3/18 levels left

rFire    . . .     SeeInvis .   a - +0 short sword
rCold    . . .     Gourm    .   (no shield)
rNeg     . . .     Faith    .   B - +0 robe
rPois    .         Spirit   .   (no helmet)
rElec    .         Reflect  .   (no cloak)
rCorr    .         Harm     .   G - +0 pair of gloves
MR       .....     Clarity  +   (no boots)
Stlth    +++.......             R - amulet of regeneration
HPRegen  0.59/turn              w - -2 ring of strength (curse)
MPRegen  0.15/turn              (no ring)

@: very slow
A: distributed training, fangs 1, blurry vision 1, clarity, sense surroundings
1, strong nose
a: Bend Time, Renounce Religion


You were on level 8 of the Dungeon.
You worshipped Cheibriados.
Cheibriados was noncommittal.
You were not hungry.

You visited 1 branch of the dungeon, and saw 9 of its levels.

You collected 99 gold pieces.

Inventory:

Hand Weapons
 a - a +0 short sword (weapon)
 f - a +0 mace
 j - a +0 club
 m - a +0 quarterstaff
 n - a +0 war axe
 p - the +1 whip "Akatreosm" {slash, +Rage rF+ rN+++ MR-}
   (You found it on level 4 of the Dungeon)

   It inflicts extra damage upon your enemies.
   It protects you from fire.
   It renders you almost immune to negative energy.
   It affects your resistance to hostile enchantments.
   It lets you go berserk.
Missiles
 d - 40 arrows
 t - 7 javelins of penetration (quivered)
Armour
 k - a cursed +0 ring mail
 B - a +0 robe (worn)
 G - a +0 pair of gloves (worn)
Jewellery
 b - a cursed amulet of inaccuracy {unknown}
   (You found it on level 6 of the Dungeon)
 w - a cursed -2 ring of strength (left hand)
   (You found it on level 8 of the Dungeon)
 R - an amulet of regeneration (around neck)
   (You found it on level 3 of the Dungeon)
Wands
 o - a wand of enslavement (1)
 x - a wand of acid (12)
Scrolls
 r - 7 scrolls of remove curse
 v - a scroll of amnesia {unknown}
Potions
 g - a potion of heal wounds
 h - a potion of curing
 l - a potion of degeneration
 s - a potion of cancellation {unknown}
 u - a potion of berserk rage {unknown}
Books
 e - a book of Geomancy

   Spells                             Type                      Level
   a - Sandblast                      Earth                        1
   b - Passwall                       Transmutation/Earth          2
   c - Stone Arrow                    Conjuration/Earth            3
   d - Petrify                        Transmutation/Earth          4
   e - Lee's Rapid Deconstruction     Earth                        5
Comestibles
 c - 4 rations


   Skills:
 + Level 2.9 Fighting
 + Level 2.9 Short Blades
 + Level 2.9 Long Blades
 + Level 2.9 Axes
 + Level 2.9 Maces & Flails
 + Level 2.9 Polearms
 + Level 2.9 Staves
 + Level 2.9 Slings
 + Level 2.9 Bows
 + Level 2.9 Crossbows
 + Level 2.9 Throwing
 + Level 2.9 Armour
 + Level 5.4 Dodging
 + Level 5.1 Stealth
 + Level 2.9 Shields
 + Level 2.9 Unarmed Combat
 + Level 5.8 Spellcasting
 + Level 2.3 Conjurations
 + Level 2.3 Hexes
 + Level 2.3 Charms
 + Level 2.3 Summonings
 + Level 2.3 Necromancy
 + Level 2.3 Translocations
 + Level 3.2 Transmutations
 + Level 2.3 Fire Magic
 + Level 2.3 Ice Magic
 + Level 2.3 Air Magic
 + Level 6.0 Earth Magic
 + Level 2.3 Poison Magic
 + Level 3.2 Invocations
 + Level 2.9 Evocations


You had 3 spell levels left.
You knew the following spells:

 Your Spells              Type           Power        Failure   Level  Hunger
a - Sandblast             Erth           ####..       1%          1    None
e - Petrify               Tmut/Erth      ####....     14%         4    ####...
j - Stone Arrow           Conj/Erth      ###...       4%          3    ##.....
p - Passwall              Tmut/Erth      ####......   1%          2    None
D - Lee's Rapid Deconstr  Erth           ####......   22%         5    #####..


Dungeon Overview and Level Annotations

Branches:
Dungeon (9/15)
 Temple: D:4-7         Lair: D:8-11         Orc: D:9-12

Altars:
Cheibriados
Elyvilon
Gozag
Kikubaaqudgha

Portals:
Sewer: D:3

Annotations:
D:3 Ijyb
D:6 Nanban's ghost, novice FoFi
D:8 tidbits's ghost, novice GnEE


Innate Abilities, Weirdness & Mutations

Your experience applies equally to all skills.
You have very sharp teeth.
Your uncanny sense of smell can sniff out nearby items.
Scrolls take you a little longer to read.
You possess an exceptional clarity of mind.
You passively map a small area around you.


Message History

Found a smoky amethyst potion.
Found a stone staircase leading up.
Found a stone staircase leading down.
You see here a smoky amethyst potion.
u - a smoky amethyst potion
Found a scroll labeled BOQ GOGHOIWKU.
There is a stone staircase leading down here.
You climb downwards.
There is a stone staircase leading up here.
Unknown command.
Unknown command.
You climb upwards.
Level annotation: tidbits's ghost, novice GnEE
There is a stone staircase leading down here.
Unknown command.
Found a scroll of remove curse.
Found a marble ring.
There is a stone staircase leading up here.
You climb upwards.
There is a stone staircase leading down here.
Unknown command.
You climb downwards.
Level annotation: tidbits's ghost, novice GnEE
There is a stone staircase leading up here.
Unknown command.
Found a forked ivory wand.
Unknown command.
You see here a scroll labeled BOQ GOGHOIWKU.
v - a scroll labeled BOQ GOGHOIWKU You see here a marble ring.
w - a marble ring Put on which piece of jewellery? (? for menu, Esc to quit)
You feel weaker.
Oops, that ring feels deathly cold.
w - a cursed -2 ring of strength (left hand)
You see here a scroll of remove curse.
r - 7 scrolls of remove curse (gained 1)
Found a stone staircase leading up.
You see here a wand of acid (12).
x - a wand of acid (12)
There is a stone staircase leading up here.
You climb upwards.
A leopard gecko and a howler monkey come into view.
There is a stone staircase leading down here.
Wield which item (- for none, * to show all)? (? for menu, Esc to quit)
a - a +0 short sword (weapon)
The helpless howler monkey fails to defend itself.
You impale the howler monkey!!
You kill the howler monkey!
Cheibriados appreciates the change of pace.
The leopard gecko hisses angrily.
The leopard gecko bites you.
You hit the leopard gecko. Your bite misses the leopard gecko.
The leopard gecko is lightly wounded.
The leopard gecko bites you but does no damage.
You completely miss the leopard gecko.
The leopard gecko is lightly wounded.
The leopard gecko closely misses you.
You miss the leopard gecko. Your bite misses the leopard gecko.
The leopard gecko is lightly wounded.
The leopard gecko closely misses you.
You closely miss the leopard gecko.
The leopard gecko is lightly wounded.
The leopard gecko bites you. x2
You hit the leopard gecko.
The leopard gecko is heavily wounded.
The leopard gecko misses you.
You hit the leopard gecko.
The leopard gecko is severely wounded.
The leopard gecko bites you.
You barely miss the leopard gecko.
The leopard gecko is severely wounded.
The leopard gecko closely misses you.
You hit the leopard gecko.
You kill the leopard gecko!
Cheibriados thoroughly appreciates the change of pace.
You climb downwards.
Level annotation: tidbits's ghost, novice GnEE
There is a stone staircase leading up here.
Unknown command.
A hungry ghost comes into view.
A killer bee comes into view.
Okay, then.
Okay, then.
Really read with blurry vision while enemies are nearby?
You begin reading the scroll.
You continue reading the scroll.
As you read the scroll of identify, it crumbles to dust.
h - a potion of curing Really read with blurry vision while enemies are nearby? [Y]es or [N]o only, please.
Really read with blurry vision while enemies are nearby?
You begin reading the scroll.
You continue reading the scroll.
As you read the scroll of teleportation, it crumbles to dust.
You feel strangely unstable. The hungry ghost hits you.
Your surroundings suddenly seem different.
Found 20 sling bullets. 2 killer bees come into view.
A killer bee comes into view.
The killer bee buzzes angrily. x3
Are you sure you want to abandon this character and quit the game? (Confirm with "yes".)

, * #.##.# * ,
#.##.# * * ,
#.##.### *
#.##.#.. , ,
#######.##...#
***
#.....W....###
####..#####.##.#
, ##....# #.##.#
* #.@...# #.##.#
#....y...#
#.##<# , *
#..###yy..#
#.#..# #.. *
#....(. #...## ,
#.** #..y....#
##..# ,,
#........ #..#
##....... #..# ,
, ....... #..#
,* * ,, * #..#


You could see 4 killer bees.

Vanquished Creatures
  A hippogriff (D:7)
  Menkaure (D:6)
  An ice beast (D:7)
  An ogre (D:6)
  A scorpion (D:6)
  2 crimson imps
  2 howler monkeys
  A hound (D:6)
  Jessica (D:3)
  2 worker ants
  A hound skeleton (D:4)
  3 adders (D:3)
  A worm (D:3)
  5 leopard geckos
  12 orcs
  A giant cockroach (D:4)
  A goblin (D:1)
  6 hobgoblins
  4 jackals (D:1)
  A quokka (D:4)
  2 ball pythons (D:3)
  6 bats
  4 frilled lizards
  2 rats
62 creatures vanquished.

Vanquished Creatures (collateral kills)
  An orc priest (D:5)
  A worker ant (D:5)
  A howler monkey skeleton (D:5)
  A leopard gecko (D:5)
  An orc (D:5)
  A jackal (D:5)
  A ball python (D:6)
7 creatures vanquished.

Vanquished Creatures (others)
  An ice beast (D:6)
  A crimson imp (D:5)
  An iguana (D:6)
  2 jackals (D:5)
5 creatures vanquished.

Grand Total: 74 creatures vanquished

Notes
Turn   | Place    | Note
-------+----------+-------------------------------------------
     0 | D:1      | tidbits the Gnoll Earth Elementalist began the quest for the Orb.
     0 | D:1      | Reached XP level 1. HP: 13/13 MP: 6/6
    23 | D:1      | Reached skill level 2 in Transmutations
    24 | D:1      | Reached XP level 2. HP: 19/19 MP: 1/7
   234 | D:3      | Found a glowing drain.
   241 | D:3      | Noticed Ijyb
   253 | D:3      | Reached skill level 5 in Spellcasting
   253 | D:3      | Reached XP level 3. HP: 25/25 MP: 5/9
   257 | D:3      | Learned a level 2 spell: Passwall
   294 | D:3      | Reached skill level 1 in Invocations
   417 | D:3      | Found a white marble altar of Elyvilon.
   419 | D:3      | Reached skill level 1 in Fighting
   419 | D:3      | Reached skill level 1 in Short Blades
   419 | D:3      | Reached skill level 1 in Long Blades
   419 | D:3      | Reached skill level 1 in Axes
   419 | D:3      | Reached skill level 1 in Maces & Flails
   419 | D:3      | Reached skill level 1 in Polearms
   419 | D:3      | Reached skill level 1 in Staves
   419 | D:3      | Reached skill level 1 in Slings
   419 | D:3      | Reached skill level 1 in Bows
   419 | D:3      | Reached skill level 1 in Crossbows
   419 | D:3      | Reached skill level 1 in Throwing
   419 | D:3      | Reached skill level 1 in Armour
   419 | D:3      | Reached skill level 1 in Shields
   419 | D:3      | Reached skill level 1 in Unarmed Combat
   419 | D:3      | Reached skill level 1 in Evocations
   437 | D:3      | Reached XP level 4. HP: 32/32 MP: 7/11
   443 | D:3      | Learned a level 3 spell: Stone Arrow
   455 | D:3      | Noticed Jessica
   476 | D:3      | Killed Jessica
   476 | D:3      | Reached skill level 1 in Conjurations
   476 | D:3      | Reached skill level 1 in Hexes
   476 | D:3      | Reached skill level 1 in Charms
   476 | D:3      | Reached skill level 1 in Summonings
   476 | D:3      | Reached skill level 1 in Necromancy
   476 | D:3      | Reached skill level 1 in Translocations
   476 | D:3      | Reached skill level 1 in Fire Magic
   476 | D:3      | Reached skill level 1 in Ice Magic
   476 | D:3      | Reached skill level 1 in Air Magic
   476 | D:3      | Reached skill level 1 in Poison Magic
   489 | D:3      | Found a faded altar of an unknown god.
   565 | D:4      | Learned a level 4 spell: Petrify
   573 | D:4      | Reached XP level 5. HP: 37/37 MP: 9/12
   586 | D:5      | Entered Level 5 of the Dungeon
   657 | D:6      | Gained mutation: You passively map a small area around you. [potion of mutation]
   657 | D:6      | Gained mutation: Scrolls take you a little longer to read. [potion of mutation]
   657 | D:6      | Gained mutation: You possess an exceptional clarity of mind. [potion of mutation]
   684 | D:6      | Noticed a hippogriff
   711 | D:6      | Noticed an ice beast
   726 | D:6      | Noticed Menkaure
   727 | D:6      | Found an opulent altar of Gozag.
   751 | D:5      | Reached XP level 6. HP: 22/44 MP: 5/13
   752 | D:5      | Reached skill level 2 in Invocations
   756 | D:5      | Found a snail-covered altar of Cheibriados.
   756 | D:5      | Found an ancient bone altar of Kikubaaqudgha.
   760 | D:5      | Became a worshipper of Cheibriados the Contemplative
   793 | D:5      | Reached skill level 5 in Dodging
   808 | D:4      | Got a slimy whip
   825 | D:4      | Identified the +1 whip "Akatreosm" {slash, +Rage rF+ rN+++ MR-} (You found it on level 4 of the Dungeon)
   854 | D:6      | Noticed Nanban's ghost (novice FoFi)
   867 | D:5      | Learned a level 5 spell: Lee's Rapid Deconstruction
   964 | D:6      | Reached skill level 2 in Fighting
   964 | D:6      | Reached skill level 2 in Short Blades
   964 | D:6      | Reached skill level 2 in Long Blades
   964 | D:6      | Reached skill level 2 in Axes
   964 | D:6      | Reached skill level 2 in Maces & Flails
   964 | D:6      | Reached skill level 2 in Polearms
   964 | D:6      | Reached skill level 2 in Staves
   964 | D:6      | Reached skill level 2 in Slings
   964 | D:6      | Reached skill level 2 in Bows
   964 | D:6      | Reached skill level 2 in Crossbows
   964 | D:6      | Reached skill level 2 in Throwing
   964 | D:6      | Reached skill level 2 in Armour
   964 | D:6      | Reached skill level 2 in Shields
   964 | D:6      | Reached skill level 2 in Unarmed Combat
   964 | D:6      | Reached skill level 2 in Evocations
   970 | D:6      | Reached XP level 7. HP: 49/50 MP: 6/15
   983 | D:6      | Killed Menkaure
  1010 | D:6      | Reached skill level 2 in Conjurations
  1010 | D:6      | Reached skill level 2 in Hexes
  1010 | D:6      | Reached skill level 2 in Charms
  1010 | D:6      | Reached skill level 2 in Summonings
  1010 | D:6      | Reached skill level 2 in Necromancy
  1010 | D:6      | Reached skill level 2 in Translocations
  1010 | D:6      | Reached skill level 2 in Fire Magic
  1010 | D:6      | Reached skill level 2 in Ice Magic
  1010 | D:6      | Reached skill level 2 in Air Magic
  1010 | D:6      | Reached skill level 2 in Poison Magic
  1032 | D:7      | Noticed a hippogriff
  1037 | D:7      | Killed a hippogriff
  1037 | D:7      | Reached skill level 5 in Stealth
  1037 | D:7      | Reached skill level 3 in Transmutations
  1037 | D:7      | Reached skill level 3 in Invocations
  1101 | D:7      | Reached skill level 6 in Earth Magic
  1101 | D:7      | Reached XP level 8. HP: 25/57 MP: 2/16
  1131 | D:8      | Noticed tidbits's ghost (novice GnEE)
  1225 | D:8      | Quit the game

Skill      XL: |  1  2  3  4  5  6  7 |
---------------+----------------------+-----
Transmutations | 2 3 |  3.2
Spellcasting   | 5 |  5.8
Invocations    | 1 2 3 |  3.2
Fighting       | 1 2 |  2.9
Short Blades   | 1 2 |  2.9
Long Blades    | 1 2 |  2.9
Axes           | 1 2 |  2.9
Maces & Flails | 1 2 |  2.9
Polearms       | 1 2 |  2.9
Staves         | 1 2 |  2.9
Slings         | 1 2 |  2.9
Bows           | 1 2 |  2.9
Crossbows      | 1 2 |  2.9
Throwing       | 1 2 |  2.9
Armour         | 1 2 |  2.9
Shields        | 1 2 |  2.9
Unarmed Combat | 1 2 |  2.9
Evocations     | 1 2 |  2.9
Conjurations   | 1 2 |  2.3
Hexes          | 1 2 |  2.3
Charms         | 1 2 |  2.3
Summonings     | 1 2 |  2.3
Necromancy     | 1 2 |  2.3
Translocations | 1 2 |  2.3
Fire Magic     | 1 2 |  2.3
Ice Magic      | 1 2 |  2.3
Air Magic      | 1 2 |  2.3
Poison Magic   | 1 2 |  2.3
Dodging        | 5 |  5.4
Stealth        | 5 |  5.1
Earth Magic    | 6 |  6.0

Action                   |  1- 3 |  4- 6 |  7- 9 || total
-------------------------+-------+-------+-------++-------
Melee: Short sword       |     6 |    13 |    16 ||    35
       Quarterstaff      |       |     5 |    23 ||    28
       Bite              |       |     4 |     5 ||     9
       Whip              |       |     2 |       ||     2
 Cast: Sandblast         |    36 |    44 |     3 ||    83
       Passwall          |       |     2 |       ||     2
       Petrify           |       |     1 |       ||     1
       Stone Arrow       |       |       |     8 ||     8
Evoke: Wand              |       |     8 |       ||     8
  Use: Scroll            |       |     7 |     2 ||     9
       Potion            |       |     2 |       ||     2
 Stab: Sleeping          |     3 |     6 |     1 ||    10
  Eat: Ration            |     1 |     1 |       ||     2
Armor: Robe              |     1 |     9 |     6 ||    16
Dodge: Dodged            |    14 |    36 |    36 ||    86

Table legend:
 A = Turns spent in this place as a percentage of turns spent in the entire game.
 B = Non-inter-level travel turns spent in this place as a percentage of non-inter-level travel turns spent in the entire game.
 C = Inter-level travel turns spent in this place as a percentage of turns spent in this place.
 D = Turns resting spent in this place as a percentage of non-inter-level travel turns spent in this place.
 E = Turns spent auto-exploring this place as a percentage of non-inter-level travel turns spent in this place.
 F = Non-inter-level travel turns spent in this place divided by the number of levels of this place that you've seen.
                   A       B       C       D       E      F
               +-------+-------+-------+-------+-------+----------------------
         Total | 100.0 | 100.0 |   0.0 |   0.0 |   0.0 | 136.1
       Dungeon | 100.0 | 100.0 |   0.0 |   0.0 |   0.0 | 136.1
               +-------+-------+-------+-------+-------+----------------------

Table legend:
 A = Kills in this place as a percentage of kills in entire the game.
 B = Kills by you in this place as a percentage of kills by you in the entire game.
 C = Kills by friends in this place as a percentage of kills by friends in the entire game.
 D = Other kills in this place as a percentage of other kills in the entire game.
 E = Experience gained in this place as a percentage of experience gained in the entire game.
 F = Experience gained in this place divided by the number of levels of this place that you have seen.
                   A       B       C       D       E      F
               +-------+-------+-------+-------+-------+----------------------
         Total | 100.0 | 100.0 | 100.0 |   N/A | 100.0 | 148.0
       Dungeon | 100.0 | 100.0 | 100.0 |   N/A | 100.0 | 148.0
               +-------+-------+-------+-------+-------+----------------------

Vault maps used:
D:1:      minmay_arrival_four_circles, minmay_pentomino_p4
D:2:      bloody_trog
D:3:      lemuel_round_altar, serial_glass, glass_columns_b, glass_columns_c,
          chequers_ecumenical_altar_simple, cheibrodos_sewer_entry_sluice,
          feat_on_display, uniq_ijyb, uniq_jessica
D:4:      wad_woods_tower, minmay_temple_entry_hall
D:5:      gammafunk_temple_overflow_elements, first_ration, basic_altar,
          grunt_decor_resistance
D:6:      grunt_gozag_statues, glass_columns_a, kennysheep_boxes, uniq_menkaure
D:7:      the_bakery
D:8:      nicolae_ru_awakened_eye
D:9:      nicolae_overflow_crystal_walls, minmay_misc_feat_four_crosses,
          uniq_maurice
